Map: Dusk Towers

Players

IamDrizzt - Winner!

  • Race: Protoss Protoss
  • League: Diamond

MorN

  • Race: Terran Terran
  • League: Platinum

VOD

Have the link to the VOD?

Description

Time

  • Played on: Nov. 11, 2015, 10:38 p.m.
  • Length: 12:42
Show
View Real Time Build Order
Export as new Build Order

IamDrizzt Protoss - Winner!

Build Orders:  

Get SALT Encoding   

  12  0:00  Probe (Chrono Boost)  
  13  0:11  Probe (Chrono Boost)  
  14  0:20  Pylon  
  14  0:23  Probe (Chrono Boost)  
  15  0:38  Probe (Chrono Boost)  
  15  0:39  Gateway  
  16  0:47  Assimilator  
  16  0:48  Probe (Chrono Boost)  
  17  0:59  Probe (Chrono Boost)  
  18  1:09  Probe (Chrono Boost)  
  19  1:17  Pylon  
  19  1:27  Cybernetics Core  
  19  1:32  Probe (Chrono Boost)  
  20  1:42  Probe (Chrono Boost)  
  20  1:56  Nexus  
  20  1:59  Probe (Chrono Boost)  
  21  2:07  Adept  
  21  2:08  Warp Gate  
  23  2:12  Assimilator  
  23  2:14  Probe (Chrono Boost)  
  24  2:26  Gateway  
  24  2:33  Probe (Chrono Boost)  
  25  2:49  Mothership Core (Chrono Boost)  
  25  2:50  Adept (Chrono Boost)  
  29  2:59  Pylon  
  29  3:04  Pylon  
  29  3:10  Gateway  
  27  3:31  Sentry (Chrono Boost)  
  31  3:34  Sentry (Chrono Boost), Probe  
  31  3:36  Probe  
  31  3:37  Pylon  
  33  3:54  Twilight Council  
  31  3:58  Gateway  
  31  4:07  Probe  
  31  4:09  Probe  
  33  4:10  Pylon  
  33  4:17  Stalker  
  33  4:18  Stalker  
  35  4:25  Probe, Forge  
  35  4:26  Probe  
  37  4:36  Stalker  
  37  4:37  Probe  
  35  4:39  Probe  
  33  4:48  Probe  
  33  4:50  Stalker  
  36  4:54  Probe  
  36  4:57  Protoss Ground Weapons Level 1 (Chrono Boost)  
  36  4:59  Probe  
  37  5:06  Probe  
  39  5:14  Stalker x2  
  43  5:22  Photon Cannon  
  43  5:23  Probe  
  44  5:28  Pylon  
  44  5:33  Blink (Chrono Boost)  
  44  5:35  Probe  
  45  5:37  Probe  
  46  5:53  Probe  
  46  5:54  Probe  
  47  6:04  Probe  
  47  6:07  Probe  
  47  6:08  Stalker x2, Photon Cannon  
  53  6:14  Probe  
  54  6:19  Probe  
  55  6:25  Probe  
  55  6:31  Probe  
  57  6:37  Probe  
  58  6:40  Assimilator  
  58  6:43  Probe  
  58  6:45  Assimilator  
  59  6:48  Pylon  
  59  6:49  Probe  
  60  6:55  Probe  
  60  6:56  Pylon  
  60  6:57  Protoss Ground Weapons Level 2  
  61  7:06  Probe  
  61  7:07  Probe  
  63  7:10  Pylon, Robotics Facility  
  63  7:13  Nexus  
  63  7:15  Pylon  
  63  7:19  Stalker x2  
  67  7:27  Stalker  
  67  7:28  Stalker  
  71  7:43  Probe x2, Photon Cannon  
  73  7:50  Photon Cannon  
  73  7:51  Pylon  
  73  7:55  Probe  
  73  7:56  Probe  
  75  7:58  Stalker x3  
  75  8:03  Stalker  
  83  8:07  Probe  
  74  8:33  Stalker x3  
  74  8:34  Stalker, Probe x3 (Chrono Boost)  
  78  8:38  Immortal  
  83  8:45  Probe (Chrono Boost)  
  82  8:56  Probe x3 (Chrono Boost)  
  82  8:59  Photon Cannon  
  82  9:02  Assimilator  
  85  9:04  Sentry x3  
  85  9:05  Sentry, Assimilator  
  85  9:07  Probe x2 (Chrono Boost)  
  95  9:11  Gateway  
  95  9:13  Gateway  
  95  9:18  Observer  
  95  9:19  Robotics Bay  
  95  9:20  Probe x2 (Chrono Boost)  
  98  9:25  Photon Cannon  
  98  9:30  Probe x2 (Chrono Boost)  
  100  9:39  Observer  
  100  9:41  Probe x2 (Chrono Boost)  
  103  9:47  Photon Cannon  
  103  10:01  Pylon  
  103  10:03  Protoss Ground Weapons Level 3 (Chrono Boost)  
  102  10:08  Disruptor (Chrono Boost)  
  102  10:12  Stalker  
  102  10:13  Stalker  
  109  10:14  Stalker x4  
  109  10:21  Pylon  
  117  10:39  Disruptor (Chrono Boost)  
  117  10:42  Stalker  
  122  10:43  Stalker x5  
  122  10:48  Pylon  
  132  10:55  Photon Cannon  
  127  11:11  Pylon  
  127  11:13  Pylon  
  127  11:15  Pylon  
  127  11:17  Pylon  
  127  11:32  Pylon x2  
  127  11:35  Pylon x2  
  127  11:44  Stalker x3  
  127  11:45  Stalker x2  
  131  11:56  Nexus  
  131  11:58  Templar Archives, Disruptor (Chrono Boost)  
  131  11:59  Pylon  
  131  12:01  Pylon  
  134  12:06  Pylon  
  134  12:12  Pylon  
  134  12:14  Pylon  
  134  12:15  Probe  
  134  12:16  Probe  
  134  12:18  Pylon  
  136  12:24  Pylon  
  136  12:36  Zealot x4  
  136  12:37  Zealot x2  
Show
View Real Time Build Order
Export as new Build Order

MorN Terran 

Build Orders:  

Get SALT Encoding   

  12  0:00  SCV  
  13  0:13  SCV  
  14  0:17  Supply Depot  
  14  0:27  SCV  
  15  0:41  Barracks  
  15  0:47  Refinery  
  15  0:51  Barracks  
  16  0:57  SCV  
  16  1:21  Barracks  
  16  1:26  Refinery  
  16  1:37  Reaper  
  17  1:44  Orbital Command  
  17  1:50  Reaper  
  18  2:05  Barracks  
  18  2:12  Reaper  
  19  2:19  Reaper  
  20  2:26  Reaper  
  21  2:37  Supply Depot  
  21  2:44  Reaper  
  22  2:56  Reaper  
  23  2:58  SCV, Reaper x2  
  23  3:05  Supply Depot  
  25  3:26  Reaper  
  25  3:28  Reaper  
  25  3:31  Reaper  
  25  3:32  SCV  
  28  3:44  SCV  
  29  3:51  Reaper  
  30  3:58  Reaper  
  30  4:00  Reaper  
  31  4:04  Reaper  
  31  4:09  Supply Depot  
  31  4:23  Reaper  
  31  4:24  SCV  
  32  4:30  Reaper  
  33  4:36  SCV  
  33  4:37  Reaper  
  33  4:38  Reaper  
  30  4:54  SCV  
  30  4:55  Reaper  
  32  5:02  Reaper  
  32  5:05  Command Center  
  33  5:10  Reaper  
  33  5:13  Reaper  
  33  5:27  Reaper  
  34  5:28  Command Center  
  34  5:34  Reaper  
  31  6:03  Reaper x3  
  32  6:08  SCV  
  33  6:12  Reaper  
  34  6:20  SCV  
  30  6:30  Barracks  
  30  6:36  Bunker  
  30  6:37  Bunker  
  30  6:40  SCV, Factory  
  30  6:41  Orbital Command  
  30  6:42  Orbital Command  
  31  6:52  SCV  
  32  6:54  Barracks Tech Lab  
  32  6:55  Marine  
  32  6:56  Barracks Tech Lab  
  31  7:08  SCV  
  31  7:09  SCV  
  31  7:14  Combat Shields  
  31  7:15  Stimpack  
  33  7:18  Marine  
  33  7:21  SCV x2  
  36  7:26  SCV  
  36  7:27  Marine  
  38  7:33  SCV x2  
  38  7:34  Starport  
  40  7:41  Factory Reactor  
  40  7:42  Marine x4  
  44  7:45  SCV x2  
  46  7:52  SCV  
  46  7:56  Marine  
  46  7:57  SCV  
  46  7:58  Engineering Bay  
  49  8:00  Marine  
  49  8:03  Barracks Tech Lab  
  44  8:21  Marine x3  
  44  8:23  Marine  
  44  8:24  Marine  
  38  8:39  Marine x2  
  38  8:40  Marauder  
  36  8:42  Marauder  
  36  8:45  SCV x2  
  36  8:48  SCV  
  37  8:57  SCV x2  
  37  8:59  Barracks Reactor  
  37  9:00  Barracks Reactor, Factory Reactor, SCV  
  37  9:02  Marauder x2  
  42  9:04  Medivac  
  42  9:09  SCV x2  
  46  9:10  Refinery  
  46  9:11  Refinery  
  46  9:14  Marauder  
  46  9:15  SCV  
  49  9:21  SCV  
  49  9:23  Marine x2  
  52  9:24  Medivac  
  54  9:33  SCV  
  54  9:34  Marine  
  54  9:36  SCV  
  58  9:38  SCV  
  58  9:39  Marine x3  
  58  9:40  Medivac  
  58  9:41  Marine  
  58  9:45  SCV  
  65  9:48  Terran Infantry Weapons Level 1, SCV  
  65  9:50  Marauder, Marine  
  69  9:52  Supply Depot  
  69  9:53  Supply Depot  
  69  9:55  Supply Depot  
  69  10:04  Marauder x2, Marine x2  
  75  10:08  Medivac  
  77  10:14  SCV x3  
  77  10:20  Marine x2  
  81  10:22  Widow Mine  
  81  10:26  SCV x2  
  81  10:28  Orbital Command  
  86  10:33  Medivac  
  86  10:34  Marauder  
  91  10:36  Marauder  
  91  10:38  SCV x2  
  91  10:39  Marine x2  
  95  10:47  Marauder, Marine  
  98  10:54  Marine  
  98  10:55  Marauder  
  98  10:56  Marine  
  98  10:57  Marine  
  101  11:07  SCV  
  101  11:13  Missile Turret  
  101  11:32  SCV x3, Marauder, Marine x5  
  101  11:40  Marauder  
  101  11:44  SCV x3  
  90  11:49  Marine x5  
  90  11:53  Marine  
  96  11:56  SCV  
  99  12:01  Marauder  
  99  12:06  SCV x2  
  101  12:08  Supply Depot, Barracks  
  101  12:09  Barracks x2  
  101  12:10  Supply Depot  
Tags
 
Add a new tag
Caveats
  • Supply blocks, unpowered buildings, or Contaminate may cause inaccurate times.
  • Supply counts are checked every 10 seconds.